 Dungeon Crawl Stone Soup version 0.31.0-4-g52a2dc7128 (webtiles) character file.

Game seed: 10173709805076712989

9996 groovy9 the Severer (level 11, -4/102 HPs)
             Began as a Hill Orc Fighter on Jan 21, 2024.
             Was a Believer of Uskayaw.
             Slain by a troll (5 damage)
             ... while petrified by ZoaN's ghost
             ... on level 9 of the Dungeon.
             The game lasted 00:29:27 (8915 turns).

groovy9 the Severer (Hill Orc Fighter)              Turns: 8915, Time: 00:29:27

Health: -4/102     AC: 20    Str: 33    XL:     11   Next: 55%
Magic:  0/14       EV:  2    Int:  8    God:    Uskayaw [**....]
Gold:   536        SH:  0    Dex: 12    Spells: 10/10 levels left

rFire   . . .        F - +5 battleaxe
rCold   . . .        (shield currently unavailable)
rNeg    + + +        b - +3 ring mail "Bukinudi" {Str+3 Dex+2}
rPois   ∞            h - +0 helmet
rElec   .            l - +0 cloak
rCorr   .            e - +0 pair of gloves
SInv    .            q - +0 pair of boots
Will    .....        (no amulet)
Stlth   +            o - +6 ring of strength
HPRegen 0.37/turn    H - +4 ring of protection
MPRegen 0.14/turn

%: no passive effects
@: mighty, petrified, hasted
A: no striking features
a: Renounce Religion, Stomp, Line Pass


You were on level 9 of the Dungeon.
You worshipped Uskayaw.
Uskayaw was noncommittal.
You visited 2 branches of the dungeon, and saw 10 of its levels.

You collected 536 gold pieces.

Inventory:

Hand Weapons
 y - a +3 flail of protection
 A - the +9 trident of Irphete {venom, rC+}
   (You found it on level 6 of the Dungeon)

   rC+:       It protects you from cold.
 E - a +2 vampiric hand axe
 F - a +5 battleaxe (weapon)
 G - a +3 battleaxe
Missiles
 a - 2 throwing nets (quivered)
Armour
 b - the +3 ring mail "Bukinudi" (worn) {Str+3 Dex+2}
   (You found it on level 5 of the Dungeon)

   Str+3:     It affects your strength (+3).
   Dex+2:     It affects your dexterity (+2).
 e - a +0 pair of gloves (worn)
 h - a +0 helmet (worn)
 l - a +0 cloak (worn)
 q - a +0 pair of boots (worn)
Jewellery
 o - a +6 ring of strength (left hand)
 p - a ring of resist corrosion
 w - a +5 ring of evasion
 H - a +4 ring of protection (right hand)
Wands
 c - a wand of roots (13)
 m - a wand of charming (20)
 v - a wand of mindburst (7)
 I - a wand of flame (10)
Scrolls
 k - 6 scrolls of fear
 r - 3 scrolls of teleportation
 t - a scroll of poison
Potions
 d - 2 potions of might
 f - 2 potions of resistance
 g - a potion of enlightenment
 i - 4 potions of haste
 j - 2 potions of curing
 n - a potion of brilliance
 s - a potion of ambrosia
 u - a potion of heal wounds
 x - a potion of berserk rage
 z - a potion of degeneration {unknown}
 B - a potion of lignification {unknown}
 C - a potion of magic
 D - 2 potions of mutation


   Skills:
 + Level 11.0 Fighting
 * Level 15.9 Axes
 + Level 10.2 Armour
 - Level 3.2 Shields
 + Level 4.9 Invocations


You had 10 spell levels left.
You didn't know any spells.
Your spell library contained the following spells:

 Spells                   Type           Power      Damage    Failure   Level
 Blink                    Tloc           0%         N/A       63%         2
 Cigotuvi's Dreadful Rot  Necr/Alch/Air  0%         N/A       63%         2
 Lesser Beckoning         Tloc           0%         N/A       63%         2
 Momentum Strike          Conj/Tloc      0%         3d8       63%         2
 Stone Arrow              Conj/Erth      0%         3d7       86%         3
 Animate Armour           Summ/Erth      0%         N/A       99%         4
 Dispel Undead            Necr           0%         3d6       99%         4
 Ignite Poison            Fire/Alch      0%         N/A       99%         4
 Martyr's Knell           Necr/Summ      0%         N/A       99%         4
 Freezing Cloud           Conj/Ice/Air   0%         6-21      100%        5
 Death Channel            Necr           0%         N/A       100%        6
 Lehudib's Crystal Spear  Conj/Erth      0%         10d2      100%        8


Dungeon Overview and Level Annotations

Branches:
Dungeon (9/15)             Temple (1/1) D:6            Lair (0/5) D:9
    Orc (0/2) D:9

Altars:
Ashenzari
Cheibriados
Dithmenos
Elyvilon
Fedhas
Gozag
Hepliaklqana
Kikubaaqudgha
Makhleb
Nemelex Xobeh
Okawaru
Qazlal
Ru
Sif Muna
Trog
Uskayaw
Vehumet
Wu Jian
Xom
Yredelemnul
Zin
The Shining One
Beogh

Shops:
D:8 [   D:9 =

Annotations:
D:9 1 transporter, ZoaN's ghost, journeyman GrEE


Message History

ZoaN's ghost casts a spell at you. The troll bites you but does no damage.
The troll claws you! The troll barely misses you.
The moth of wrath is no longer sharing its pain.
The troll is no longer sharing its pain.
The troll bites you. The troll claws you!
The troll claws you but does no damage. ZoaN's ghost hits you.
The moth of wrath goads the tengu warrior on!
The tengu warrior goes berserk!
The troll bites you but does no damage. The troll claws you but does no damage.
The troll claws you!
The troll is no longer sharing its pain.
The tengu warrior hits you from afar with a +1 antimagic spear!
You feel your power leaking away.
ZoaN's ghost gestures at you while chanting.
The troll bites you. The troll claws you! The troll claws you.
The tengu warrior hits you from afar with a +1 antimagic spear!
You feel your power leaking away. The troll bites you but does no damage.
The troll claws you! The troll claws you. ZoaN's ghost hits you.
The tengu warrior hits you from afar with a +1 antimagic spear!!
You feel your power leaking away.
The moth of wrath bites you but does no damage.
The troll bites you! The troll claws you but does no damage.
The troll claws you.
The tengu warrior hits you from afar with a +1 antimagic spear!
* * * LOW HITPOINT WARNING * * *
The moth of wrath bites you. ZoaN's ghost hits you.
* * * LOW HITPOINT WARNING * * *
The troll bites you but does no damage. The troll claws you!
* * * LOW HITPOINT WARNING * * *
The troll claws you!
* * * LOW HITPOINT WARNING * * *
The tengu warrior hits you from afar with a +1 antimagic spear!
* * * LOW HITPOINT WARNING * * *
The troll bites you.
* * * LOW HITPOINT WARNING * * *
The troll claws you!
* * * LOW HITPOINT WARNING * * *
The troll claws you!
You die...

##############
#............###
#.........©....###
#.......#####....##
#.....###.©.###...#
#....##.....####..##
#....#...y@##..#...# ####
#...##...WT≈#..##..# ...##
#...#....QTT#...#..#
....###...#..##._.....#..#
.....##...#..#≈?..##..#..#
.....###..##.##..#§#.##..#
.....# #...###...#####...#
....## ##..##.....# ##..##
...## #...###.TT###....##


You could see a tengu warrior (berserk), a moth of wrath, 3 trolls and ZoaN's
ghost.

Vanquished Creatures
  3 two-headed ogres (D:9)
  An ugly thing (D:9)
  A gargoyle (D:8)
  Prince Ribbit (D:5)
  Sigmund (D:6)
  A vampire (D:8)
  4 yaks (D:9)
  2 steam dragons
  Menkaure (D:4)
  Duvessa (D:6)
  3 water moccasins
  4 orc warriors (D:9)
  2 black bears (D:6)
  7 ogres
  2 centaurs (D:9)
  4 phantoms
  3 kobold brigands
  2 gnoll sergeants
  3 bullfrogs
  4 scorpions
  22 wights
  Dowan (D:6)
  19 killer bees
  2 howler monkeys (D:5)
  A jelly (D:5)
  8 hounds
  5 bombardier beetles
  4 orc priests
  2 gnoll boudas
  3 iguanas
  A sleepcap (D:6)
  4 orc wizards
  21 gnolls
  3 adders
  3 white imps
  2 ufetubi (D:6)
  5 dart slugs
  41 orcs
  8 ball pythons
  5 bats
  4 endoplasms
  A giant cockroach (D:2)
  15 goblins
  9 hobgoblins
  6 jackals
  3 quokkas
  3 frilled lizards (D:2)
  20 kobolds
  4 rats
275 creatures vanquished.

Notes
Turn   | Place    | Note
-------+----------+-------------------------------------------
     0 | D:1      | groovy9 the Hill Orc Fighter began the quest for the Orb.
     0 | D:1      | Reached XP level 1. HP: 19/19 MP: 1/1
    40 | D:1      | Reached skill level 3 in Axes
   244 | D:1      | Reached XP level 2. HP: 27/27 MP: 2/2
   651 | D:2      | Reached XP level 3. HP: 33/33 MP: 3/3
   678 | D:2      | Reached skill level 4 in Axes
  1442 | D:3      | Reached XP level 4. HP: 40/40 MP: 4/4
  2258 | D:4      | Reached skill level 5 in Axes
  2261 | D:4      | Reached XP level 5. HP: 35/47 MP: 5/5
  2566 | D:4      | Noticed Menkaure
  2575 | D:4      | Killed Menkaure
  2576 | D:4      | Reached skill level 5 in Fighting
  2576 | D:4      | Reached skill level 6 in Axes
  2576 | D:4      | Reached XP level 6. HP: 27/56 MP: 6/6
  2766 | D:4      | Reached skill level 7 in Axes
  2766 | D:4      | Reached skill level 5 in Armour
  2766 | D:4      | Reached XP level 7. HP: 38/61 MP: 7/7
  3319 | D:5      | Entered Level 5 of the Dungeon
  3435 | D:5      | Reached skill level 8 in Axes
  3485 | D:5      | Identified the +3 ring mail "Bukinudi" {Str+3 Dex+2}
  3638 | D:5      | Reached XP level 8. HP: 46/71 MP: 8/8
  3770 | D:5      | Reached skill level 9 in Axes
  4003 | D:5      | Noticed Prince Ribbit
  4028 | D:5      | Killed Prince Ribbit
  4029 | D:5      | Reached skill level 10 in Axes
  4212 | D:5      | Reached XP level 9. HP: 79/79 MP: 9/9
  4541 | D:6      | You fall into a shaft and drop 2 floors!
  4687 | D:7      | Reached skill level 11 in Axes
  4928 | D:6      | Identified the +9 trident of Irphete {venom, rC+}
  5174 | D:6      | Reached skill level 12 in Axes
  5277 | D:6      | Found a shimmering altar of Xom.
  5277 | D:6      | Found a broken altar of Ashenzari.
  5327 | D:6      | Noticed Dowan
  5327 | D:6      | Noticed Duvessa
  5349 | D:6      | Killed Duvessa
  5357 | D:6      | Killed Dowan
  5438 | D:6      | Noticed Sigmund
  5466 | D:6      | Killed Sigmund
  5467 | D:6      | Reached XP level 10. HP: 89/91 MP: 10/10
  5658 | D:6      | Found a staircase to the Ecumenical Temple.
  5665 | Temple   | Entered the Ecumenical Temple
  5676 | Temple   | Became a worshipper of Uskayaw the Reveller
  5979 | D:7      | Reached * piety under Uskayaw
  5980 | D:7      | Reached skill level 13 in Axes
  5980 | D:7      | Reached ** piety under Uskayaw
  5984 | D:7      | Reached *** piety under Uskayaw
  5991 | D:7      | Reached **** piety under Uskayaw
  7186 | D:8      | Found Eschef Odd's Armour Shop.
  7294 | D:8      | Reached skill level 14 in Axes
  7295 | D:8      | Reached ***** piety under Uskayaw
  7564 | D:8      | Noticed a gargoyle
  7579 | D:8      | Killed a gargoyle
  7580 | D:8      | Reached skill level 10 in Fighting
  7844 | D:9      | Reached skill level 1 in Invocations
  7852 | D:9      | Reached ****** piety under Uskayaw
  7856 | D:9      | Noticed a two-headed ogre
  7863 | D:9      | Killed a two-headed ogre
  7864 | D:9      | Reached skill level 15 in Axes
  7864 | D:9      | Reached XP level 11. HP: 66/101 MP: 11/13
  7872 | D:9      | Noticed a two-headed ogre
  7879 | D:9      | Killed a two-headed ogre
  8193 | D:9      | Found Zopapni's Jewellery Emporium.
  8280 | D:9      | Found a staircase to the Lair.
  8443 | D:9      | Found a basalt altar of Yredelemnul.
  8443 | D:9      | Found a blossoming altar of Fedhas.
  8462 | D:9      | Noticed a green ugly thing
  8464 | D:9      | Reached skill level 10 in Armour
  8476 | D:9      | Killed a green ugly thing
  8489 | D:9      | Found an ancient bone altar of Kikubaaqudgha.
  8591 | D:9      | Found a roughly hewn altar of Beogh.
  8606 | D:9      | Found a staircase to the Orcish Mines.
  8690 | D:9      | Found a transporter.
  8692 | D:9      | Noticed a two-headed ogre
  8697 | D:9      | Found a transporter.
  8698 | D:9      | Found a bloodstained altar of Trog.
  8698 | D:9      | Noticed ZoaN's ghost (journeyman GrEE)
  8698 | D:9      | Noticed a moth of wrath
  8698 | D:9      | Noticed a tengu warrior
  8901 | D:9      | Killed a two-headed ogre
  8915 | D:9      | HP: 1/102 [troll (7)]
  8915 | D:9      | Slain by a troll

Illustrated notes

Levels and vault maps discovered:
D:1:      dpeg_arrival_solitude, layout_rooms
D:2:      layout_basic, uniq_robin
D:3:      cheibrodos_greedy_goblins, layout_loops_ring,
          kennysheep_generic_room_13
D:4:      minmay_wonky_spiral, layout_basic, uniq_menkaure
D:5:      kennysheep_six_static_rooms, layout_basic,
          hangedman_abyss_or_decor_lesser_grid, lightli_minifort,
          uniq_prince_ribbit1
D:6:      layout_loops_ring, gammafunk_temple_overflow_wave, temple_green,
          minmay_fractal_squares_5, uniq_sigmund, uniq_duvessa
D:7:      layout_layer_cave, minmay_strange_pillars
D:8:      layout_loops_ring, serial_shops, nicolae_shop_hallway_stairs
D:9:      layout_rooms, nicolae_overflow_hidden_temple, lair_entry_dummy,
          david_orc_5, gammafunk_ghost_wrathful_warriors, serial_shops, shop,
          eino_jars
Temple:   sentei_temple_godly_chess

Skill      XL: |  1  2  3  4  5  6  7  8  9 10 11 |
---------------+----------------------------------+-----
Axes           | 3 4 5 6 7 8 10 12 15 | 15.9
Fighting       | 4 5 6 7 9 10 11 | 11.0
Armour         | 4 5 7 8 9 10 | 10.2
Invocations    | 3 4 |  4.9
Shields        | |  3.2

Action                     |  1- 3 |  4- 6 |  7- 9 | 10-12 || total
---------------------------+-------+-------+-------+-------++-------
  Melee: War axe           |   101 |    60 |   281 |    49 ||   491
         Battleaxe         |       |       |       |   242 ||   242
    Use: Scroll            |     4 |     5 |     2 |     6 ||    17
         Potion            |       |     1 |     5 |     3 ||     9
   Stab: Paralysed         |       |       |       |    31 ||    31
 Armour: Scale mail        |    59 |    26 |    12 |       ||    97
         Plate armour      |       |       |    30 |       ||    30
         Ring mail         |       |       |    96 |   246 ||   342
  Dodge: Dodged            |    48 |    31 |   134 |   147 ||   360
  Block: Buckler           |    21 |    12 |    64 |    16 ||   113
